AoeStats
← AIDOS

Baltic

510291005Analyzed
2v2 RM · 2d ago on Sep 30, 2026· 37m 51s· 4 players
Game mode
Random Map
Map size
Medium (4 player)
Population
200
Speed
Normal
Resources
Standard
Victory
Conquest
Starting age
Dark Age
Ending age
Imperial Age
RankedLock teamsTeams togetherTeam positionsShared explorationLock speedFull tech treeHidden civsTurbo modeCheats
Victory
Defeat
🇰🇿 Malay · Kazakhstan
584
+20
🇦🇺 Chinese · Australia
548
+21
🇦🇺 Danes · Australia
687
-21
🇦🇺 Poles · Australia
662
-40
AIDOS
13:19 Feudal Age
14:43 Wheelbarrow
13:54 Town Watch
14:02 Town Watch
14:01 Horse Collar
14:17 Double-Bit Axe
23:28 Castle Age
22:48 Stone Mining
24:31 Husbandry
24:57 Demolition Ship
27:16 Medium Warships
29:00 Hand Cart
28:46 Town Patrol
31:31 Fishing Lines
32:25 Caravan
31:58 Man-at-Arms
33:28 Heavy Plow
33:45 Bow Saw
33:27 Gold Mining
34:12 Stone Shaft Mining
34:08 Ballistics
34:03 Fortified Wall
34:23 Light Cavalry
35:13 Bloodlines
35:29 Sanctity
35:09 Devotion
35:26 Masonry
34:56 Treadmill Crane
Graphain
0:29 Loom
11:35 Feudal Age
14:58 Double-Bit Axe
15:32 Arson
15:10 Man-at-Arms
18:11 Wheelbarrow
18:31 Forging
18:22 Scale Mail Armor
18:15 Town Watch
21:19 Horse Collar
cassadorr
14:06 Feudal Age
19:37 Castle Age
21:03 Double-Bit Axe
25:37 Horse Collar
28:51 Forging
32:05 Pikeman
32:49 Squires
32:35 Arson
37:05 Bow Saw
flagpies23
15:23 Feudal Age
16:00 Double-Bit Axe
16:13 Horse Collar
18:34 Gold Mining
20:16 Wheelbarrow
19:56 Stone Mining
23:07 Forging
22:57 Scale Mail Armor
26:41 Castle Age
27:40 Hand Cart
27:28 Heavy Plow
28:07 Gold Shaft Mining
27:45 Bow Saw
28:09 Fletching
28:19 Padded Archer Armor
30:15 Bodkin Arrow
30:36 Leather Archer Armor
30:57 Iron Casting
32:26 Thumb Ring
32:39 Chain Mail Armor
Connection lost

Rejoining the realm…

Still unreachable

The connection could not be restored.

Session expired

The server has moved on; the page needs a fresh start.